 Dungeon Crawl Stone Soup version bcrawl-1.28.5 (webtiles) character file.

Game seed: 5130536740208084429

151821 Anonimiaus the Poker (level 5, -1/43 HPs)
             Began as a Merfolk Monk on Jan 29, 2021.
             Slain by a worker ant (5 damage)
             ... on level 3 of the Dungeon.
             The game lasted 00:03:00 (1856 turns).

Anonimiaus the Poker (Merfolk Monk)                 Turns: 1856, Time: 00:03:01

Health: -1/43      AC:  3    Str: 13    XL:     5   Next: 1%
Magic:  0/6        EV: 14    Int:  9    God:
Gold:   153        SH:  0    Dex: 16    Spells: 4/4 levels left

rFire    . . .     SeeInvis .   t - +0 trident
rCold    . . .     Gourm    .   (no shield)
rNeg     . . .     Faith    .   b - +0 robe
rPois    .         Spirit   +   i - +1 hat
rElec    .         Reflect  .   (no cloak)
rCorr    .         Harm     .   (no gloves)
MR       .....                  (no boots)
Stlth    ++........             d - amulet of guardian spirit
HPRegen  0.14/turn              (no ring)
MPRegen  0.10/turn              (no ring)

@: no status effects
A: change form in water, swift swim, stealthy swim
a: no special abilities


You were on level 3 of the Dungeon.
You were hungry.

You visited 1 branch of the dungeon, and saw 3 of its levels.

You collected 153 gold pieces.

Inventory:

Hand Weapons
 t - a +0 trident (weapon)
Armour
 b - a +0 robe (worn)
 i - a +1 hat (worn)
Jewellery
 c - a +4 amulet of reflection {unknown}
 d - an amulet of guardian spirit (around neck)
 o - the ring "Ytio" {+Inv MP-9 Dex+4 Stlth--, unknown}
   (You found it on level 2 of the Dungeon)

   [ring of attention]

   It affects your dexterity (+4).
   It affects your magic capacity (-9).
   It lets you turn invisible.
   It makes you much less stealthy.
Scrolls
 f - 5 scrolls of remove curse
 h - 4 scrolls of teleportation {unknown}
 k - a scroll of amnesia {unknown}
 l - a scroll of fear {unknown}
 m - a scroll of enchant weapon {unknown}
 n - a scroll of blinking {unknown}
 p - a scroll of identify
 q - a scroll of immolation {unknown}
 s - a scroll of fog {unknown}
Potions
 g - a potion of ambrosia {unknown}
 r - a potion of degeneration {unknown}
 u - a potion of magic {unknown}
Comestibles
 a - a chunk of flesh
 e - 7 rations {!d}


   Skills:
 + Level 4.3 Fighting
 + Level 5.8 Polearms
 + Level 1.7 Armour
 - Level 4.0 Dodging
 - Level 2.4 Stealth
   Level 2.1 Invocations


You had 4 spell levels left.
You didn't know any spells.
Your spell library was empty.

Dungeon Overview and Level Annotations

Branches:
Dungeon (3/12)

Altars:
Nemelex Xobeh


Message History

The worker ant bites you but does no damage.
The worker ant bites you.
* * * LOW HITPOINT WARNING * * *
You hit the worker ant.
The worker ant is severely wounded.
The worker ant misses you.
You hit the worker ant.
The worker ant is almost dead.
The worker ant bites you.
* * * LOW HITPOINT WARNING * * *
You hit the worker ant but do no damage.
The worker ant is almost dead.
The worker ant completely misses you.
You barely miss the worker ant.
The worker ant is almost dead.
The worker ant misses you. The worker ant closely misses you.
You barely miss the worker ant.
The worker ant is almost dead.
The worker ant bites you.
You die...

#### #P.PP######
PP≈P≈P.....#
.PPP≈≈.....#
≈♣≈≈≈P.....#####
≈≈P≈P......oa@.#
PP........###.#
#.......# #.#
#.......###.#
P#####.......##.#
≈..........#.##.#
PP####.......##.#
≈.P.PP.)..#.###.#
≈≈≈≈≈P≈..##.# #.#


You could see a worker ant and an orc.

Vanquished Creatures
  A crimson imp (D:3)
  An orc wizard (D:2)
  2 worms
  A dart slug (D:2)
  2 leopard geckos
  2 orcs (D:3)
  A giant cockroach (D:2)
  2 goblins
  7 hobgoblins
  8 jackals (D:1)
  2 quokkas
  6 kobolds
  3 rats
38 creatures vanquished.

Notes
Turn   | Place    | Note
-------+----------+-------------------------------------------
     0 | D:1      | Anonimiaus the Merfolk Monk began the quest for the Orb.
     0 | D:1      | Reached XP level 1. HP: 18/18 MP: 2/2
   126 | D:1      | Reached XP level 2. HP: 19/24 MP: 3/3
   544 | D:1      | Found a sparkling altar of Nemelex Xobeh.
   634 | D:2      | Reached skill level 5 in Polearms
   634 | D:2      | Reached skill level 1 in Armour
   634 | D:2      | Reached XP level 3. HP: 29/30 MP: 4/4
   725 | D:2      | Got a flickering granite ring
  1475 | D:2      | HP: 1/30 [orc wizard/+0 dagger (1)]
  1480 | D:2      | Reached XP level 4. HP: 12/37 MP: 1/5
  1764 | D:3      | Found a faded altar of an unknown god.
  1824 | D:3      | Reached XP level 5. HP: 41/43 MP: 6/6
  1850 | D:3      | HP: 2/43 [poisoned by a worker ant]
  1856 | D:3      | Slain by a worker ant

Skill      XL: |  1  2  3 |
---------------+----------+-----
Polearms       | 5 |  5.8
Armour         | 1 |  1.7
Fighting       | 4 |  4.3
Dodging        | |  4.0
Stealth        | |  2.4
Invocations    | |  2.1

Action                   |  1- 3 |  4- 6 || total
-------------------------+-------+-------++-------
Melee: Spear             |   141 |     4 ||   145
       Trident           |       |    57 ||    57
  Use: Potion            |     1 |     1 ||     2
 Stab: Sleeping          |    13 |       ||    13
       Distracted        |     1 |       ||     1
  Eat: Chunk             |     4 |     3 ||     7
Armor: Robe              |    27 |     9 ||    36
Dodge: Dodged            |   108 |    38 ||   146
